 Dungeon Sprint DCSS version 0.20-b1-18-gaa2fd62 (webtiles) character file.

1220 potatolord6000 the Protected (level 8, -4/58 HPs)
             Began as a Gargoyle Fighter on May 24, 2017.
             Was an Initiate of Gozag.
             Slain by a seven-headed hydra (9 damage)
             ... in the Dungeon (Sprint IX: "|||||||||||||||||||||||||||||").
             The game lasted 00:02:46 (698 turns).

potatolord6000 the Protected (Gargoyle Fighter)      Turns: 698, Time: 00:02:48

Health: -4/58      AC: 16    Str: 25    XL:     8   Next: 47%
Magic:  8/8        EV: 11    Int:  9    God:    Gozag
Gold:   720        SH: 14    Dex:  9    Spells: 7/7 levels left

rFire    . . .     SeeInvis .   d - +4 morningstar (crush)
rCold    . . .     Gourm    .   c - +2 shield
rNeg     + . .     Faith    .   b - +1 scale mail
rPois    ∞         Spirit   .   n - +0 helmet
rElec    +         Reflect  .   (no cloak)
rCorr    .         Harm     .   (no gloves)
MR       .....     NoTele   +   (no boots)
Stlth    ..........             (no amulet)
Regen    0.2/turn               o - +3 ring of strength
MPRegen  0.2/turn               p - +2 ring of evasion

@: gold aura
A: negative energy resistance 1, electricity resistance, unbreathing,
petrification resistance, rot immunity, AC +5
a: Potion Petition, Call Merchant, Bribe Branch, Renounce Religion


You were in the Dungeon.
You worshipped Gozag.
Gozag was pleased with you.
You were not hungry.

You visited 1 branch You collected 720 gold pieces.

Inventory:

Hand Weapons
 d - a +4 morningstar of crushing (weapon)
Armour
 b - a +1 scale mail (worn)
 c - a +2 shield (worn)
 n - a +0 helmet (worn)
Jewellery
 o - a +3 ring of strength (left hand)
 p - a +2 ring of evasion (right hand)
Scrolls
 k - 4 scrolls of blinking
 l - 4 scrolls of remove curse
 m - 2 scrolls of amnesia
 s - a scroll of fog
Potions
 a - 2 potions of brilliance
 e - 5 potions of curing
 g - a potion of invisibility
 h - 4 potions of heal wounds
 i - 4 potions of magic
 j - a potion of berserk rage
 q - a potion of might
Comestibles
 f - a bread ration


   Skills:
 + Level 10.5 Fighting
 + Level 9.4 Maces & Flails
 + Level 10.5 Armour
 + Level 10.4 Shields


You had 7 spell levels left.
You didn't know any spells.

Dungeon Overview and Level Annotations

Branches:
Dungeon (1/1)

Altars:
Cheibriados
Dithmenos
Elyvilon
Fedhas
Gozag
Hepliaklqana
Kikubaaqudgha
Makhleb
Nemelex Xobeh
Okawaru
Qazlal
Ru
Sif Muna
Trog
Uskayaw
Vehumet
Xom
Yredelemnul
Zin
The Shining One
Beogh
Jiyva
Lugonu


Innate Abilities, Weirdness & Mutations

You are resistant to torment.
Your stone body is resilient. (AC +5)
You are immune to poison.
You resist negative energy. (rN+)
You are resistant to electric shocks. (rElec)
You can survive without breathing.
You are immune to petrification.
You are immune to rotting.


Message History

You block the seven-headed hydra's attack.
The seven-headed hydra bites you but does no damage.
You block the seven-headed hydra's attack.
The seven-headed hydra closely misses you.
The seven-headed hydra bites you but does no damage.
The seven-headed hydra bites you. x2
* * * LOW HITPOINT WARNING * * *
You puncture the seven-headed hydra!
The seven-headed hydra is almost dead.
The bullfrog is distracted by the nearby gold.
You block the seven-headed hydra's attack.
The seven-headed hydra bites you!
* * * LOW HITPOINT WARNING * * *
You block the seven-headed hydra's attack.
The seven-headed hydra bites you but does no damage.
The seven-headed hydra closely misses you.
The seven-headed hydra bites you but does no damage.
The seven-headed hydra bites you!
You die...
Your body crumbles into a pile of gold. $$$$$$$$$$$ $$$$$$$$$$$$$

▓▓▓▓▓▓▓▓▓▓▓▓▓▓▓▓▓▓▓▓▓▓▓▓
.....FD@$.F...[|......'.
▓▓▓▓▓▓▓▓▓▓▓▓▓▓▓▓▓▓▓▓▓▓▓▓▓▓▓▓▓▓▓▓▓
.................................
▓▓▓▓▓▓▓▓▓▓▓▓▓▓▓▓▓▓▓▓▓▓▓▓▓▓▓▓▓▓▓▓▓
__.___________________'.....†....
▓▓▓▓▓▓▓▓▓▓▓▓▓▓▓▓▓▓▓▓▓▓▓▓▓▓▓▓▓▓▓▓▓


You could see a seven-headed hydra, a blink frog and a bullfrog (unaware).

Vanquished Creatures
  A spiny frog (D)
  A hippogriff (D)
  2 yaks (D)
  2 porcupines (D)
  An ogre (D)
  2 crimson imps (D)
  An orc wizard (D)
  2 worker ants (D)
  3 adders (D)
  3 shadow imps (D)
  An adder zombie (D)
  2 bat skeletons (D)
  A hobgoblin (D)
  2 kobolds (D)
  A ball python skeleton (D)
  A giant cockroach zombie (D)
  2 rats (D)
28 creatures vanquished.

Notes
Turn   | Place    | Note
-------+----------+-------------------------------------------
     0 | D        | potatolord6000 the Gargoyle Fighter began the quest for the Orb.
     0 | D        | Reached XP level 1. HP: 14/14 MP: 1/1
    23 | D        | Noticed a worker ant
    23 | D        | Noticed a worker ant
    35 | D        | Reached XP level 2. HP: 9/20 MP: 2/2
    52 | D        | Reached XP level 3. HP: 21/24 MP: 3/3
    57 | D        | Reached skill level 5 in Fighting
    57 | D        | Reached skill level 5 in Armour
    57 | D        | Reached skill level 5 in Shields
    65 | D        | Reached XP level 4. HP: 26/31 MP: 4/4
    72 | D        | Found a roughly hewn altar of Beogh.
    72 | D        | Found a snail-covered altar of Cheibriados.
    72 | D        | Found a shadowy altar of Dithmenos.
    72 | D        | Found a white marble altar of Elyvilon.
    72 | D        | Found a blossoming altar of Fedhas.
    72 | D        | Found an opulent altar of Gozag.
    73 | D        | Found a hazy altar of Hepliaklqana.
    74 | D        | Found a viscous altar of Jiyva.
    75 | D        | Found an ancient bone altar of Kikubaaqudgha.
    76 | D        | Found a corrupted altar of Lugonu.
    77 | D        | Found a burning altar of Makhleb.
    78 | D        | Found a sparkling altar of Nemelex Xobeh.
    79 | D        | Found an iron altar of Okawaru.
    80 | D        | Found a stormy altar of Qazlal.
    82 | D        | Became a worshipper of Gozag Ym Sagoz the Greedy
    84 | D        | Found a sacrificial altar of Ru.
    85 | D        | Found a deep blue altar of Sif Muna.
    86 | D        | Found a bloodstained altar of Trog.
    87 | D        | Found a hide-covered altar of Uskayaw.
    88 | D        | Found a radiant altar of Vehumet.
    90 | D        | Found a shimmering altar of Xom.
    91 | D        | Found a basalt altar of Yredelemnul.
    92 | D        | Found a glowing silver altar of Zin.
    93 | D        | Found a glowing golden altar of the Shining One.
   195 | D        | Reached skill level 5 in Maces & Flails
   195 | D        | Reached XP level 5. HP: 23/36 MP: 5/5
   305 | D        | Noticed an ogre
   308 | D        | Killed an ogre
   312 | D        | Reached XP level 6. HP: 33/44 MP: 6/6
   668 | D        | Noticed a hippogriff
   668 | D        | Noticed a yak
   668 | D        | Noticed a spiny frog
   668 | D        | Noticed a porcupine
   668 | D        | Noticed a yak
   668 | D        | Noticed a porcupine
   672 | D        | Killed a porcupine
   675 | D        | Noticed a blink frog
   676 | D        | Killed a yak
   676 | D        | Reached XP level 7. HP: 51/51 MP: 7/7
   684 | D        | Killed a spiny frog
   684 | D        | Reached skill level 10 in Fighting
   684 | D        | Reached skill level 10 in Armour
   684 | D        | Reached XP level 8. HP: 16/57 MP: 8/8
   685 | D        | Noticed a seven-headed hydra
   689 | D        | Killed a yak
   689 | D        | Reached skill level 10 in Shields
   692 | D        | Killed a hippogriff
   698 | D        | Slain by a seven-headed hydra

Skill      XL: |  1  2  3  4  5  6  7  8 |
---------------+-------------------------+-----
Fighting       | 4 5 6 7 9 10 | 10.5
Maces & Flails | 3 4 5 6 7 8 9 |  9.4
Armour         | 4 5 6 7 9 10 | 10.5
Shields        | 4 5 6 7 8 9 10 | 10.4

Action                   |  1- 3 |  4- 6 |  7- 9 || total
-------------------------+-------+-------+-------++-------
Melee: Flail             |    53 |    44 |       ||    97
       Morningstar       |       |     8 |    18 ||    26
  Use: Potion            |     2 |     1 |     2 ||     5
       Scroll            |       |     4 |       ||     4
Armor: Scale mail        |    17 |    30 |    18 ||    65
Dodge: Dodged            |     6 |     9 |     9 ||    24
Block: Shield            |    18 |    22 |    20 ||    60
